 Dungeon Crawl Stone Soup version 0.27.1-33-g824d729ab1 (webtiles) character file.

Game seed: 515913296676280951

44 lordive the Sneak (level 3, 0/19 HPs)
             Began as a Vampire Enchanter on Dec 27, 2021.
             Slain by a hobgoblin (5 damage)
             ... on level 3 of the Dungeon.
             The game lasted 00:03:15 (2323 turns).

lordive the Sneak (Vampire Enchanter)               Turns: 2323, Time: 00:03:16

Health: 0/19       AC:  2    Str:  7    XL:     3   Next: 39%
Magic:  0/6        EV: 12    Int: 18    God:
Gold:   84         SH:  0    Dex: 14    Spells: 3/6 levels left

rFire    . . .     SeeInvis +   a - +1 dagger
rCold    + + .     Faith    .   (no shield)
rNeg     + + +     Spirit   .   b - +0 robe
rPois    ∞         Reflect  .   (no helmet)
rElec    .         Harm     .   (no cloak)
rCorr    .         Rampage  .   (no gloves)
Will     .....                  (no boots)
Stlth    +++++.....             (no amulet)
HPRegen  0.00/turn              (no ring)
MPRegen  0.10/turn              (no ring)

@: bloodless, inhibited regen
A: bloodless, fangs 3, see invisible, vampiric 2
a: Bat Form, Revivify


You were on level 3 of the Dungeon.
You visited 1 branch of the dungeon, and saw 3 of its levels.

You collected 84 gold pieces.

Inventory:

Hand Weapons
 a - a +1 dagger (weapon)
Armour
 b - a +0 robe (worn)
Scrolls
 c - a scroll of enchant armour {unknown}
 d - a scroll of vulnerability {unknown}
 g - 2 scrolls of identify {unknown}
 h - 2 scrolls of teleportation {unknown}
Potions
 e - a potion of resistance {unknown}
 f - a potion of cancellation {unknown}
 i - a potion of curing {unknown}
 j - a potion of haste {unknown}
 k - a potion of lignification {unknown}
 l - a potion of flight {unknown}


   Skills:
 + Level 0.1 Fighting
 + Level 1.2 Short Blades
 + Level 2.2 Dodging
 + Level 5.4 Stealth
 + Level 2.2 Spellcasting
 + Level 5.3 Hexes
 + Level 0.1 Ice Magic


You had 3 spell levels left.
You knew the following spells:

 Your Spells              Type           Power      Damage    Failure   Level
a - Corona                Hex            23%        N/A       1%          1
b - Ensorcelled Hibernat  Hex/Ice        22%        N/A       9%          2

Your spell library contained the following spells:

 Spells                   Type           Power      Damage    Failure   Level
 Confusing Touch          Hex            21%        N/A       6%          3
 Tukima's Dance           Hex            21%        N/A       6%          3
 Dazzling Flash           Conj/Hex       22%        N/A       17%         3


Dungeon Overview and Level Annotations

Branches:
Dungeon (3/15)

Altars:


Innate Abilities, Weirdness & Mutations

You do not regenerate when monsters are visible.
You are frail without blood (-20% HP).
You can heal yourself when you bite living creatures.
You are immune to poison.
You have razor-sharp teeth.
You have supernaturally acute eyesight. (SInv)
You are afflicted with vampirism and can become a bat while bloodless.


Message History

You kill the orc!
The hobgoblin shouts!
You hear a shout!
The orc shouts!
You hear a shout!
An orc comes into view. It is wielding a +0 dagger.
The orc shouts!
An orc comes into view. It is wielding a +0 club.
The orc barely misses you.
Things that are here:
a +0 hand axe; a +0 ring mail
Casting: Ensorcelled Hibernation (safe; 9% risk of failure)
Confirm with . or Enter, or press ? or * to list all spells.
Aiming: Ensorcelled Hibernation (safe; 9% risk of failure)
Press: ? - help, Shift-Dir - straight line, f - orc
Aim: an orc, wielding a +0 trident and wearing a +0 leather armour (chance to affect: 60%)
You miscast Ensorcelled Hibernation.
You are very lightly contaminated with residual magic.
Nothing appears to happen.
The orc hits you with a +0 trident. The orc closely misses you.
The hobgoblin hits you.
You see here a +0 hand axe.
The hobgoblin closely misses you. The hobgoblin barely misses you.
The orc barely misses you.
You hit the hobgoblin but do no damage.
Casting: Ensorcelled Hibernation (safe; 9% risk of failure)
Confirm with . or Enter, or press ? or * to list all spells.
Aiming: Ensorcelled Hibernation (safe; 9% risk of failure)
Press: ? - help, Shift-Dir - straight line, f/p - orc
Aim: an orc, wielding a +0 trident and wearing a +0 leather armour (chance to affect: 60%)
The hobgoblin resists with significant effort.
The hobgoblin hits you.
Your magical contamination has completely faded away.
Casting: Ensorcelled Hibernation (safe; 9% risk of failure)
Confirm with . or Enter, or press ? or * to list all spells.
Aiming: Ensorcelled Hibernation (safe; 9% risk of failure)
Press: ? - help, Shift-Dir - straight line, f - hobgoblin, p - orc
Aim: a hobgoblin (chance to affect: 60%)
The hobgoblin resists with significant effort.
The orc hits you from afar with a +0 trident.
* * * LOW HITPOINT WARNING * * *
The hobgoblin hits you.
You die...

######## ......# #
#.....###.. #.........# #
###.<....## ############.#
........## ##...@gooo))..#
###.†...####..######.##..#
##.........## ..## ..#
##...##..## ...# ..#
##..#..## ....# .##
##...## ...# ## ##.## ###
..... .##.##.#


You could see 3 orcs and a hobgoblin.

Vanquished Creatures
  2 worms (D:2)
  A dart slug (D:1)
  2 orcs (D:3)
  4 ball pythons
  2 endoplasms
  2 giant cockroaches
  4 goblins
  A hobgoblin (D:3)
  A quokka (D:1)
  4 bats
  5 frilled lizards
  4 kobolds
  3 rats (D:1)
35 creatures vanquished.

Vanquished Creatures (others)
  3 fungi (D:2)
  4 plants (D:2)
7 creatures vanquished.

Grand Total: 42 creatures vanquished

Notes
Turn   | Place    | Note
-------+----------+-------------------------------------------
     0 | D:1      | lordive the Vampire Enchanter began the quest for the Orb.
     0 | D:1      | Reached XP level 1. HP: 13/13 MP: 3/3
   329 | D:1      | Reached skill level 5 in Stealth
   329 | D:1      | Reached XP level 2. HP: 5/15 MP: 5/5
   523 | D:1      | Learned a level 2 spell: Ensorcelled Hibernation
   844 | D:1      | Reached skill level 5 in Hexes
  1373 | D:2      | Gained mutation: You are afflicted with vampirism and can
                  | become a bat while bloodless. [Vampire growth]
  1373 | D:2      | Reached XP level 3. HP: 13/19 MP: 1/6
  1816 | D:2      | Found a faded altar of an unknown god.
  2323 | D:3      | Slain by a hobgoblin

Illustrated notes

Levels and vault maps discovered:
D:1:      dpeg_arrival_tiny_d, layout_loops_ring, minmay_misc_feat_hallway,
          dk_noncrumbling_4, kennysheep_another_room, minmay_tromino_i4
D:2:      minmay_skewed_foursquare, layout_basic,
          dreamdust_ecumenical_altar_grove, hangedman_glass_teeth
D:3:      layout_rooms, mainiacjoe_overflow_six_doors_small,
          mainiacjoe_overflow_cross_hatched,
          chequers_temple_overflow_statue_of_worship, serial_shops,
          nicolae_shop_temple_entry_statues_fountains, minivault_24,
          minmay_parallelograms

Skill      XL: |  1  2 |
---------------+-------+-----
Stealth        | 5 |  5.4
Hexes          | 5 |  5.3
Fighting       | |  0.1
Short Blades   | |  1.2
Dodging        | |  2.2
Spellcasting   | |  2.2
Ice Magic      | |  0.1

Action                   || total
-------------------------++-------
Melee: Dagger            ||    68
       Bite              ||     4
 Cast: Ensorcelled Hiber ||    15
 Abil: Exsanguinate      ||     1
 Stab: Sleeping          ||    27
Armor: Robe              ||    12
Dodge: Dodged            ||    38
